 Dungeon Crawl Stone Soup version 0.20.1-1-g8b1a95d (webtiles) character file.

3461 vomix the Severer (level 9, -23/70 HPs)
             Began as a Minotaur Berserker on Aug 24, 2017.
             Was an Elder of Trog.
             Killed from afar by an ogre mage (28 damage)
             ... with a bolt of fire
             ... while paralysed by an orc sorcerer
             ... on level 7 of the Dungeon.
             The game lasted 00:11:07 (6237 turns).

vomix the Severer (Minotaur Berserker)              Turns: 6237, Time: 00:11:07

Health: -23/70     AC: 11    Str: 22    XL:     9   Next: 78%
Magic:  17/17      EV:  2    Int:  6    God:    Trog [****..]
Gold:   175        SH:  0    Dex: 20    Spells: 8/8 levels left

rFire    . . .     SeeInvis .   x - +0 war axe
rCold    . . .     Gourm    .   (no shield)
rNeg     . . .     Faith    .   f - +0 chain mail of Makhleb's Fury {Regen+ MP+9 Int+2 Stlth-}
rPois    +         Spirit   .   (helmet restricted)
rElec    .         Reflect  .   B - +0 cloak
rCorr    .         Harm     .   (no gloves)
MR       .....                  t - +0 pair of boots
Stlth    ..........             (no amulet)
Regen    0.7/turn               d - ring of poison resistance
MPRegen  0.2/turn               J - +2 ring of dexterity

@: paralysed, agile, berserk cooldown, slowed
A: retaliatory headbutt, horns 2
a: Berserk, Trog's Hand, Brothers in Arms, Burn Spellbooks, Renounce Religion


You were on level 7 of the Dungeon.
You worshipped Trog.
Trog was greatly pleased with you.
You were not hungry.

You visited 2 branches of the dungeon, and saw 8 of its levels.

You collected 496 gold pieces.
You spent 321 gold pieces at shops.

Inventory:

Hand Weapons
 x - a +0 war axe (weapon)
Armour
 f - the +0 chain mail of Makhleb's Fury (worn) {Regen+ MP+9 Int+2 Stlth-}
   (You bought it in a shop on level 5 of the Dungeon)

   It affects your intelligence (+2).
   It affects your magic capacity (+9).
   It increases your rate of regeneration.
   It makes you less stealthy.
 t - a +0 pair of boots (worn)
 B - a +0 cloak (worn)
 K - a +0 plate armour
Jewellery
 d - a ring of poison resistance (left hand)
 o - a +1 ring of protection
 H - an uncursed ring of ice
 J - a +2 ring of dexterity (right hand)
Wands
 z - a wand of lightning (7/15)
 C - a wand of digging (6/24)
 G - a wand of polymorph (11/24)
Scrolls
 b - 2 scrolls of fear {unknown}
 g - 3 scrolls of noise {unknown}
 i - 7 scrolls of identify {unknown}
 n - 2 scrolls of magic mapping {unknown}
 r - a scroll of immolation {unknown}
 s - 2 scrolls of enchant weapon {unknown}
 v - 4 scrolls of remove curse {unknown}
 y - 2 scrolls of enchant armour {unknown}
 A - 4 scrolls of teleportation {unknown}
 I - 5 scrolls of amnesia {unknown}
Potions
 e - 3 potions of lignification {unknown}
 j - 2 potions of haste {unknown}
 k - a potion of berserk rage {unknown}
 l - a potion of brilliance {unknown}
 m - a potion of cancellation {unknown}
 p - 2 potions of might
 q - 4 potions of curing {unknown}
 w - a potion of mutation {unknown}
 E - a potion of ambrosia {unknown}
 F - a potion of magic {unknown}
Comestibles
 c - 11 bread rations
 h - 4 royal jellies
 u - a meat ration
 L - 6 chunks of flesh


   Skills:
 - Level 3.6 Fighting
 + Level 15.9 Axes
 - Level 2.4 Armour
 - Level 2.1 Dodging


You had 8 spell levels left.
You didn't know any spells.

Dungeon Overview and Level Annotations

Branches:
Dungeon (7/15)             Temple (1/1) D:6

Altars:
Ashenzari
Dithmenos
Elyvilon
Fedhas
Hepliaklqana
Kikubaaqudgha
Makhleb
Nemelex Xobeh
Okawaru
Qazlal
Ru
Trog
Uskayaw
Xom
Yredelemnul
Zin
The Shining One

Shops:
D:5 !([


Innate Abilities, Weirdness & Mutations

You reflexively headbutt those who attack you in melee.
You have a pair of horns on your head.


Message History

The ogre mage barely misses you.
Your chain mail of Makhleb's Fury prevents you from hitting the orc sorcerer.
You hit the ogre mage but do no damage. The orc sorcerer misses you.
You furiously retaliate!
You headbutt the orc sorcerer, but do no damage.
The ogre mage barely misses you. You furiously retaliate!
You headbutt the ogre mage!
You fail to use your ability.
The orc sorcerer hits you but does no damage.
The ogre mage barely misses you.
You feel agile all of a sudden. The orc sorcerer casts a spell at you.
You suddenly lose the ability to move!
The ogre mage hits you but does no damage.
The orc sorcerer casts a spell.
The ogre mage hits you but does no damage.
The orc sorcerer hits you but does no damage.
The ogre mage casts a spell at you. The bolt of fire hits you!
You die...

.# ...♣P⌠.♣..#..# #...
.# ...PP.♣.♣#(.# #...
.# ......P #..######...
.# ..... #..........)
.# ... #........... .#
#)# #........... .# ##
#p#####..#####.... .#
#. #o#..##..# #..... .#
#..#@O4.##(.# #..... .#
###.#(#####..####.####
.#
#(........#..........<
.#
#####.#.###...........
.#
#....#..##..###....##
.# #..#.#..##..###....#
.# ####.#####.........#
.####
######.#####..##.....#
.....
...............##.#...#


You could see an ogre mage, a wizard, a chaos spawn and an orc sorcerer.

Vanquished Creatures
  Pikel (D:6)
  A centaur zombie (D:7)
  Grinder (D:6)
  Eustachio (D:6)
  A hungry ghost (D:7)
  2 orc warriors
  4 slaves (D:6)
  2 ice beasts
  3 ogres
  4 centaurs
  A big kobold (D:7)
  A bullfrog (D:6)
  A wyvern zombie (D:7)
  3 scorpions (D:6)
  A howler monkey (D:4)
  3 crimson imps
  A quasit (D:7)
  A bullfrog zombie (D:7)
  5 hounds
  2 bullfrog skeletons (D:5)
  5 orc priests
  2 iguanas
  Natasha (D:3)
  2 orc wizards
  A worker ant (D:5)
  2 hound zombies
  3 gnolls (D:5)
  6 adders
  2 shadow imps (D:5)
  An ooze (D:3)
  An adder skeleton (D:4)
  3 leopard geckos
  19 orcs
  4 giant cockroaches
  6 goblins
  6 hobgoblins
  21 jackals
  2 kobolds (D:1)
  2 quokkas
  9 bats
  3 frilled lizards
  2 jackal skeletons (D:5)
  A jackal zombie (D:7)
  A leopard gecko skeleton (D:5)
  A quokka skeleton (D:6)
  3 rats
148 creatures vanquished.

Notes
Turn   | Place    | Note
-------+----------+-------------------------------------------
     0 | D:1      | vomix the Minotaur Berserker began the quest for the Orb.
     0 | D:1      | Reached XP level 1. HP: 19/19 MP: 0/0
    47 | D:1      | Reached skill level 4 in Axes
   403 | D:1      | Reached XP level 2. HP: 20/26 MP: 1/1
   794 | D:1      | Reached skill level 5 in Axes
   940 | D:2      | Reached XP level 3. HP: 30/31 MP: 2/2
  1035 | D:2      | Reached ** piety under Trog
  1199 | D:2      | Found a bloodstained altar of Trog.
  1577 | D:3      | Reached XP level 4. HP: 23/39 MP: 3/3
  1773 | D:3      | Reached skill level 6 in Axes
  2070 | D:3      | Noticed Natasha
  2077 | D:3      | Killed Natasha
  2264 | D:4      | Reached skill level 7 in Axes
  2264 | D:4      | Reached XP level 5. HP: 35/45 MP: 4/4
  2689 | D:4      | Noticed an ogre
  2697 | D:4      | Killed an ogre
  2697 | D:4      | Reached skill level 8 in Axes
  2697 | D:4      | Reached XP level 6. HP: 51/51 MP: 5/5
  2899 | D:5      | Entered Level 5 of the Dungeon
  3113 | D:5      | Found Futono's Distillery.
  3120 | D:5      | Found Osabbes's Weapon Emporium.
  3130 | D:5      | Reached skill level 9 in Axes
  3160 | D:5      | Bought a potion of heal wounds for 65 gold pieces
  3285 | D:5      | Found Beme's Antique Armour Shoppe.
  3309 | D:5      | Reached XP level 7. HP: 57/57 MP: 6/6
  3413 | D:5      | Reached skill level 10 in Axes
  3833 | D:5      | Reached *** piety under Trog
  3848 | D:5      | Reached skill level 11 in Axes
  4231 | D:6      | Reached XP level 8. HP: 49/64 MP: 7/7
  4414 | D:6      | Found a staircase to the Ecumenical Temple.
  4448 | D:6      | Noticed Grinder
  4477 | D:6      | Killed Grinder
  4477 | D:6      | Reached skill level 12 in Axes
  4907 | D:6      | Noticed Pikel
  4917 | D:6      | Reached skill level 13 in Axes
  4932 | D:6      | Killed Pikel
  4932 | D:6      | Reached XP level 9. HP: 70/70 MP: 8/8
  5007 | D:6      | Noticed Eustachio
  5011 | D:6      | Reached skill level 14 in Axes
  5014 | D:6      | Killed Eustachio
  5402 | Temple   | Entered the Ecumenical Temple
  5598 | D:5      | Bought a faintly humming chain mail for 256 gold pieces
  5608 | D:5      | Identified the +0 chain mail of Makhleb's Fury {Regen+ MP+9 Int+2 Stlth-} (You bought it in a shop on level 5 of the Dungeon)
  5670 | D:7      | Reached **** piety under Trog
  5869 | D:7      | Reached skill level 15 in Axes
  6211 | D:7      | Noticed a wizard
  6217 | D:7      | Noticed an orc sorcerer
  6218 | D:7      | Paralysed by a wizard for 6 turns
  6221 | D:7      | Noticed an ogre mage
  6233 | D:7      | HP: 2/70 [orc sorcerer/bolt of fire (36)]
  6236 | D:7      | Paralysed by an orc sorcerer for 5 turns
  6237 | D:7      | Killed from afar by an ogre mage

Skill      XL: |  1  2  3  4  5  6  7  8  9 |
---------------+----------------------------+-----
Axes           | 4 5 7 8 9 11 13 15 | 15.9
Fighting       | |  3.6
Armour         | |  2.4
Dodging        | |  2.1

Action                   |  1- 3 |  4- 6 |  7- 9 || total
-------------------------+-------+-------+-------++-------
Melee: Hand axe          |    70 |   105 |   240 ||   415
       Headbutt          |    10 |    22 |    57 ||    89
       War axe           |       |       |    29 ||    29
Invok: Berserk           |       |     3 |    10 ||    13
       Trog's Hand       |       |       |     1 ||     1
  Use: Potion            |       |       |     2 ||     2
  Eat: Chunk             |     2 |     7 |    14 ||    23
       Fruit             |       |       |     3 ||     3
       Meat ration       |       |       |     1 ||     1
Armor: Animal skin       |    17 |       |       ||    17
       Ring mail         |     4 |    10 |       ||    14
       Scale mail        |       |    35 |    60 ||    95
       Chain mail        |       |       |    49 ||    49
Dodge: Dodged            |    58 |    60 |    80 ||   198
